AoeStats
← Fs.Carniça

Arabia

510130518Analyzed
1v1 RM · 20h ago on Sep 29, 2026· 45m 33s· 2 players
Game mode
Random Map
Map size
Tiny (2 player)
Population
200
Speed
Normal
Resources
Standard
Victory
Conquest
Starting age
Dark Age
Ending age
Imperial Age
RankedLock teamsTeams togetherTeam positionsShared explorationLock speedFull tech treeHidden civsTurbo modeCheats
Victory
Defeat
🇧🇷 Britons · Brazil
1638
+17
🇪🇸 Britons · Spain
1664
-17
Fs.Carniça
6:08 Loom
9:06 Feudal Age
9:53 Double-Bit Axe
10:30 Horse Collar
13:01 Fletching
16:12 Padded Archer Armor
19:36 Wheelbarrow
22:41 Castle Age
21:02 Gold Mining
22:43 Crossbowman
24:18 Bodkin Arrow
27:18 Ballistics
27:24 Leather Archer Armor
40:09 Elite Skirmisher
43:25 Imperial Age
44:30 Bracer
45:35 Chemistry
ivanap
8:17 Loom
10:33 Feudal Age
12:07 Double-Bit Axe
12:09 Man-at-Arms
14:15 Fletching
17:15 Padded Archer Armor
21:58 Castle Age
20:06 Gold Mining
21:35 Horse Collar
22:42 Bodkin Arrow
22:32 Crossbowman
24:09 Ballistics
34:46 Wheelbarrow
40:54 Imperial Age
38:41 Fervor
39:18 Town Watch
41:45 Bracer
42:20 Arbalester
43:07 Elite Skirmisher
Connection lost

Rejoining the realm…

Still unreachable

The connection could not be restored.

Session expired

The server has moved on; the page needs a fresh start.